 Dungeon Sprint DCSS version 0.31-a0-75-g6fe912e8c5 (webtiles) character file.

Game seed: 8797822662031801955

46 fozzywoppz the Ruffian (level 3, -3/39 HPs)
             Began as a Troll Monk on May 23, 2023.
             Was an Elder of Qazlal.
             Slain by a gnoll sergeant
             ... wielding a +3 trident
              (17 damage)
             ... in the Dungeon (Sprint VII: "The Pits").
             The game lasted 00:01:21 (196 turns).

fozzywoppz the Ruffian (Troll Monk)                  Turns: 196, Time: 00:01:21

Health: -3/39      AC:  4    Str: 21    XL:     3   Next: 46%
Magic:  3/3        EV: 11    Int:  6    God:    Qazlal [****..]
Gold:   0          SH:  5    Dex: 12    Spells: 2/2 levels left

rFire   . .          .
                       - Unarmed
rCold   . . .        c - orb {light}
rNeg    . . .        a - +0 robe
rPois   .            (helmet restricted)
rElec   .            (no cloak)
rCorr   .            (gloves unavailable)
SInv    .            (boots unavailable)
Will    .....        (no amulet)
Stlth   +            (no ring)
HPRegen 1.06/turn    (no ring)
MPRegen 0.08/turn

%: no teleportation, repel missiles
@: glowing
A: large, unfitting armour, claws 3, regeneration 1, shaggy fur 1, tough skin 1
a: Renounce Religion, Upheaval, Elemental Force


You were in the Dungeon.
You worshipped Qazlal.
Qazlal was greatly pleased with you.
You visited 1 branch

Inventory:

Hand Weapons
 m - a +2 long sword of flaming
Armour
 a - a +0 robe (worn)
 c - an orb of light (worn)
Scrolls
 i - a scroll of blinking
 k - 5 scrolls of amnesia
 l - a scroll of summoning
Potions
 b - a potion of ambrosia
 d - 6 potions of curing
 e - 6 potions of heal wounds
 f - a potion of haste
 g - 4 potions of magic
 h - 3 potions of berserk rage
 j - 2 potions of invisibility


   Skills:
 + Level 3.9 Fighting
 + Level 3.9 Dodging
 + Level 4.7 Unarmed Combat
 + Level 1.8 Invocations


You had 2 spell levels left.
You didn't know any spells.
Your spell library was empty.

Dungeon Overview and Level Annotations

Branches:
Dungeon (1/1)

Altars:
Ashenzari
Cheibriados
Dithmenos
Elyvilon
Fedhas
Gozag
Hepliaklqana
Kikubaaqudgha
Makhleb
Nemelex Xobeh
Okawaru
Qazlal
Ru
Sif Muna
Trog
Uskayaw
Vehumet
Wu Jian
Xom
Yredelemnul
Zin
The Shining One
Jiyva
Lugonu

Annotations:
D Ijyb


Innate Abilities, Weirdness & Mutations

You are too large for most types of armour.
You have claws for hands.
Your natural rate of healing is unusually fast.
You are covered in fur. (AC +1)
You have tough skin. (AC +1)


Message History

There is an open door here.
There is a large open door here.
You see here a bat corpse.
There is an open door here.
There is an open door here.
There is an open door here.
You see here a river rat corpse.
You open the door.
There is an open door here.
You open the door. 2 gnolls come into view.
The gnoll shouts!
You hear a loud, deep croak!
A bullfrog comes into view.
A gnoll sergeant comes into view. It is wielding a +3 trident.
A rat comes into view.
The gnoll sergeant shouts!
You hear a shout! x3
Ijyb the Twisted Goblin comes into view.
She is wielding a +0 dagger and carrying a wand of mindburst (12).
Ijyb shouts!
A gnoll comes into view. It is wielding a +0 club.
The gnoll hits you with a +0 club.
There is an open door here.
The gnoll attacks as you move away! The gnoll hits you with a +0 club.
You completely miss the gnoll. The gnoll barely misses you.
You barely miss the gnoll. The gnoll hits you with a +0 club.
You claw the gnoll!
The gnoll is severely wounded.
The gnoll misses you.
You claw the gnoll!
You kill the gnoll!
Qazlal accepts your kill. The gnoll sergeant barely misses you.
The gnoll sergeant hits you from afar with a +3 trident!
You hear a shout!
The gnoll sergeant hits you with a +3 trident!
Things that are here:
a +0 club; a gnoll corpse You mangle the gnoll sergeant!!
The gnoll sergeant is severely wounded.
The gnoll sergeant hits you with a +3 trident!
You die...

#'#####†#####.....
#.#..#...'.##.....
#.#..#...#.#####'#
#.#..#####.##.....
#.#..'..†#.##.....
#.#.†'†..'.##.....
#.#..########...<.
#.#..'[))..##.....
#@#..#[))).##.....
#g###########.....
#gF...g.# ######
#gr#g#..# #.## #
#.. #.# #.. #..


You could see a gnoll sergeant, a bullfrog, 2 gnolls and a rat.

Vanquished Creatures
  A gnoll (D)
  2 river rats (D)
  2 ufetubi (D)
  A giant cockroach (D)
  3 jackals (D)
  A ball python zombie (D)
  2 bats (D)
12 creatures vanquished.

Notes
Turn   | Place    | Note
-------+----------+-------------------------------------------
     0 | D        | fozzywoppz the Troll Monk began the quest for the Orb.
     0 | D        | Reached XP level 1. HP: 22/22 MP: 0/0
    36 | D        | Found a glowing golden altar of the Shining One.
    36 | D        | Found a glowing silver altar of Zin.
    36 | D        | Found a basalt altar of Yredelemnul.
    36 | D        | Found a shimmering altar of Xom.
    36 | D        | Found an ornate altar of the Wu Jian Council.
    36 | D        | Found a bloodstained altar of Trog.
    36 | D        | Found a shimmering blue altar of Sif Muna.
    36 | D        | Found a sacrificial altar of Ru.
    36 | D        | Found a stormy altar of Qazlal.
    36 | D        | Found an iron altar of Okawaru.
    36 | D        | Found a sparkling altar of Nemelex Xobeh.
    36 | D        | Found a burning altar of Makhleb.
    36 | D        | Found a viscous altar of Jiyva.
    36 | D        | Found a hazy altar of Hepliaklqana.
    36 | D        | Found an opulent altar of Gozag.
    36 | D        | Found a blossoming altar of Fedhas.
    36 | D        | Found a white marble altar of Elyvilon.
    36 | D        | Found a shadowy altar of Dithmenos.
    36 | D        | Found a snail-covered altar of Cheibriados.
    37 | D        | Found a radiant altar of Vehumet.
    37 | D        | Found a corrupted altar of Lugonu.
    38 | D        | Found a hide-covered altar of Uskayaw.
    38 | D        | Found an ancient bone altar of Kikubaaqudgha.
    38 | D        | Found a broken altar of Ashenzari.
    45 | D        | Became a worshipper of Qazlal Stormbringer
    45 | D        | Reached * piety under Qazlal
    45 | D        | Reached ** piety under Qazlal
    58 | D        | Reached skill level 4 in Unarmed Combat
    58 | D        | Reached XP level 2. HP: 31/31 MP: 1/1
    81 | D        | Reached *** piety under Qazlal
    90 | D        | Reached skill level 1 in Invocations
    90 | D        | Reached XP level 3. HP: 33/39 MP: 1/3
    92 | D        | Reached **** piety under Qazlal
   184 | D        | Noticed a bullfrog
   185 | D        | Noticed a gnoll sergeant
   187 | D        | Noticed Ijyb
   196 | D        | Slain by a gnoll sergeant

Illustrated notes

Levels and vault maps discovered:
D:        pitsprint [storerooms_1, entrance_room_1, metal_vault_1, armoury_1,
          mini_pit_1, grid_room_1, main_hall_1, silver_pit, the_coven_1,
          the_vestibule_1, steel_vault_2, golden_pit, hallway_of_sentries,
          crystal_vault_4, iron_vault_2, final_vault]

Skill      XL: |  1  2 |
---------------+-------+-----
Fighting       | 3 |  3.9
Dodging        | 3 |  3.9
Unarmed Combat | 4 |  4.7
Invocations    | 1 |  1.8

Action                     || total
---------------------------++-------
  Melee: Unarmed           ||    32
 Armour: Robe              ||    14
  Dodge: Dodged            ||    27
  Block: Orb               ||     9

Table legend: (Time is in decaauts)
 A = Elapsed time spent in this place.
 B = Non-inter-level travel time spent in this place.
 C = Inter-level travel time spent in this place.
 D = Time resting spent in this place.
 E = Time spent auto-exploring this place.
 F = Levels seen in this place.
 G = Mean time per level.
                   A        B        C        D        E       F      G
               +--------+--------+--------+--------+--------+-----+--------+
         Total |    193 |    193 |      0 |     18 |      0 |   1 |  193.0 |
       Dungeon |    193 |    193 |      0 |     18 |      0 |   1 |  193.0 |
               +--------+--------+--------+--------+--------+-----+--------+

Top non-repeatable levels by time:
       D: 193 daAuts
